 Dungeon Crawl Stone Soup version 0.30-a0-879-ga8ba668304 (webtiles) character file.

Game seed: 12233986844771132530

64274 Valamore the Eclecticist (level 16, -2/137 HPs)
             Began as a Meteoran Earth Elementalist on Mar 12, 2023.
             Was a High Priest of Vehumet.
             Slain by a bunyip (12 damage)
             ... called by a spriggan druid
             ... on level 4 of the Swamp.
             The game lasted 01:07:19 (7146 turns).

Valamore the Eclecticist (MeEE)                     Turns: 7146, Time: 01:07:20

Health: -2/137     AC: 14    Str: 12    XL:     16   Next: 1%
Magic:  42/48      EV: 19    Int: 25    God:    Vehumet [*****.]
Gold:   1349       SH:  6    Dex: 21    Spells: 20/51 levels left

rFire   + . .      SeeInvis +    T - staff of poison
rCold   . . .      Faith    .    X - +0 buckler
rNeg    + . .      Spirit   .    G - +0 steam dragon scales
rPois   +          Reflect  .    a - +1 hat {SInv}
rElec   .          Rampage  .    P - +0 cloak
rCorr   .          Clarity  +    U - +2 pair of gloves
Will    +++++                    s - +0 pair of boots
Stlth   +                        S - amulet of the Four Winds {rN+ Will+++ Clar}
HPRegen 0.42/turn                D - ring of magical power
MPRegen 0.31/turn                B - ring "Xasm" {rF+ Int+3 Dex+5}

@: very slightly contaminated, glowing
A: sense surroundings 2, otherworldly, glowing, explore regen
a: Renounce Religion


You were on level 4 of the Swamp.
You worshipped Vehumet.
Vehumet was extremely pleased with you.
You visited 4 branches of the dungeon, and saw 21 of its levels.

You collected 1537 gold pieces.
You spent 188 gold pieces at shops.

Inventory:

Missiles
 d - 2 throwing nets
 e - 3 curare-tipped darts
 p - 6 javelins
Armour
 a - a +1 hat of see invisible (worn)
 i - a +1 robe of cold resistance
 q - a +2 helmet
 s - a +0 pair of boots (worn)
 y - a +1 leather armour of willpower
 G - +0 steam dragon scales (worn)
 P - a +0 cloak (worn)
 U - a +2 pair of gloves (worn)
 X - a +0 buckler (worn)
Magical Staves
 E - a staff of conjuration
 H - a staff of cold
 T - a staff of poison (weapon)
Jewellery
 B - the ring "Xasm" (right hand) {rF+ Int+3 Dex+5}
   (You acquired it on level 5 of the Lair of Beasts)

   [ring of protection from fire]

   Int:       It affects your intelligence (+3).
   Dex:       It affects your dexterity (+5).
   rF:        It protects you from fire.
 D - a ring of magical power (left hand)
 F - a ring of flight
 J - a +6 ring of dexterity
 S - the amulet of the Four Winds (around neck) {rN+ Will+++ Clar}
   (You found it on level 3 of the Lair of Beasts)

   [amulet of nothing]

   rN:        It protects you from negative energy.
   Clar:      It protects you against confusion.
   Will:      It greatly increases your willpower.
 Y - a ring of willpower
Wands
 r - a wand of mindburst (15)
 v - a wand of digging (15)
 L - a wand of light (11) (quivered)
 Q - a wand of roots (15)
 R - a wand of flame (34)
Scrolls
 f - a scroll of immolation
 g - 4 scrolls of enchant weapon
 j - a scroll of summoning {unknown}
 l - 3 scrolls of brand weapon
 o - 5 scrolls of magic mapping
 t - 3 scrolls of teleportation
 K - 2 scrolls of noise {unknown}
 M - 6 scrolls of poison
 N - 4 scrolls of amnesia
 V - a scroll of fog {unknown}
 Z - 2 scrolls of fear {unknown}
Potions
 b - 4 potions of magic
 h - 6 potions of haste
 k - 9 potions of curing
 m - 3 potions of might
 n - 2 potions of degeneration {unknown}
 u - a potion of resistance {unknown}
 w - a potion of heal wounds
 x - 7 potions of flight
 z - 4 potions of mutation
 A - 2 potions of brilliance
 C - 3 potions of ambrosia
 I - 3 potions of berserk rage {unknown}
 O - a potion of invisibility {unknown}
 W - a potion of cancellation {unknown}
Miscellaneous
 c - a condenser vane (inert)


   Skills:
 - Level 11.0 Fighting
 - Level 10.5 Armour
 - Level 10.0 Dodging
 - Level 1.4 Stealth
 - Level 5.0 Shields
 + Level 18.4 Spellcasting
 - Level 10.0 Conjurations
 - Level 5.0 Necromancy
 - Level 2.0 Transmutations
 - Level 5.0 Ice Magic
 - Level 7.0 Air Magic
 - Level 10.0 Earth Magic


You had 20 spell levels left.
You knew the following spells:

 Your Spells              Type           Power      Damage    Failure   Level
a - Sandblast             Erth           100%       2d20      1%          1
b - Stone Arrow           Conj/Erth      100%       3d13      1%          3
c - Mephitic Cloud        Conj/Pois/Air  67%        N/A       1%          3
d - Iskenderun's Mystic   Conj/Tloc      48%        2d11      1%          4
e - Freezing Cloud        Conj/Ice/Air   28%        6-21      1%          5
f - Lightning Bolt        Conj/Air       30%        1d47      1%          5
g - Irradiate             Conj/Tmut      26%        3d20      1%          5
h - Borgnjor's Vile Clut  Necr/Erth      28%        N/A       3%          5

Your spell library contained the following spells:

 Spells                   Type           Power      Damage    Failure   Level
 Beastly Appendage        Tmut           66%        N/A       1%          1
 Freeze                   Ice            100%       1d10      1%          1
 Kiss of Death            Conj/Necr      100%       2d13      1%          1
 Passwall                 Tmut/Erth      43%        N/A       1%          2
 Static Discharge         Conj/Air       100%       2-7/arc   1%          2
 Wereblood                Tmut           33%        N/A       1%          2
 Petrify                  Tmut/Erth      52%        N/A       2%          4
 Conjure Ball Lightning   Conj/Air       30%        3x3d10    3%          6
 Spider Form              Tmut/Pois      42%        N/A       5%          3
 Gell's Gravitas          Tloc           23%        N/A       8%          3
 Teleport Other           Tloc           23%        N/A       8%          3
 Tukima's Dance           Hex            23%        N/A       8%          3
 Yara's Violent Unravell  Hex/Tmut       14%        3d7       13%         5
 Passage of Golubria      Tloc           23%        N/A       26%         4
 Alistair's Intoxication  Tmut/Pois      28%        N/A       43%         5
 Eringya's Noxious Bog    Tmut/Pois      21%        N/A       54%         6
 Lehudib's Crystal Spear  Conj/Erth      32%        10d8      54%         8
 Dispersal                Tloc           11%        N/A       99%         6
 Discord                  Hex            11%        N/A       100%        8
 Disjunction              Tloc           11%        N/A       100%        8


Dungeon Overview and Level Annotations

Branches:
Dungeon (11/15) Zot: 2461  Temple (1/1) D:5 Zot: 541    Lair (5/5) D:9 Zot: 554
  Swamp (4/4) Lair:3 Zot: 1582  Spider (0/4) Lair:2        Slime (0/5) Lair:4
    Orc: D:9-12

Altars:
Ashenzari
Cheibriados
Elyvilon
Gozag
Hepliaklqana
Kikubaaqudgha
Makhleb
Nemelex Xobeh
Okawaru
Sif Muna
Trog
Uskayaw
Vehumet
Wu Jian
Xom
Yredelemnul
Zin
The Shining One
Jiyva

Shops:
D:5 ?

Annotations:
Swamp:1 1 runed translucent door, snackwell's ghost, adept OgFi


Innate Abilities, Weirdness & Mutations

You passively map the area around you.
You are easily found by Zot.
You glow in the dark.
You regain HP and MP as you explore.


Message History

The tyrant leech is engulfed in blazing flames.
The swamp dragon is engulfed in blazing flames.
The bunyip is engulfed in blazing flames.
The bunyip howls a warning cry!
Casting: Iskenderun's Mystic Blast (mildly dangerous; 1% risk of failure)
Confirm with . or Enter, or press ? or * to list all spells.
You erupt in a blast of force!
The mystic blast hits the bog body!
You destroy the bog body!
Vehumet accepts your kill.
You feel your power returning.
The mystic blast hits the bunyip.
The bunyip is moderately wounded.
The mystic blast hits the bunyip.
The bunyip is moderately wounded.
The bunyip is knocked back by the mystic blast.
The mystic blast hits the swamp dragon!
You kill the swamp dragon!
Vehumet accepts your kill.
The mystic blast hits the tyrant leech!
You kill the tyrant leech!
Vehumet accepts your kill.
You feel your power returning.
The bunyip is engulfed in blazing flames.
The swamp worm is engulfed in blazing flames.
You kill the swamp worm!
Vehumet accepts your kill.
You feel your power returning.
The bunyip is engulfed in blazing flames.
You have reached level 16!
Casting: Iskenderun's Mystic Blast (mildly dangerous; 1% risk of failure)
Confirm with . or Enter, or press ? or * to list all spells.
You erupt in a fountain of uncontrolled magic!
The bunyip is blasted with magical radiation!!!
The bunyip is severely wounded.
The bunyip twists and deforms.
You are very lightly contaminated with residual magic.
The bunyip is engulfed in blazing flames.
The bunyip claws you!!
* * * LOW HITPOINT WARNING * * *
The bunyip barely misses you. The bunyip claws you!
You die...

♣♣..~D~~~.....~~~~~§...♣
§○~♣.W~~~§~♣♣.~§§§§~..~♣
○°♣♣♣.§.~~.).~§§§§§.~~~♣
** °..♣
~~~~~~~♣~§☼§§.~~.~~ *
°~.♣♣ §~~.~♣≈♣~§§§§§♣~~~
*
~~.~♣♣...~♣≈≈≈♣§§x§§♣..~
* ..~~~...~♣≈≈≈≈≈♣§§§§♣*
. ..~~~.~~~♣≈≈≈≈≈≈.x~§♣*
.~~~~.~~.i≈≈≈≈≈♣@~~§♣ *
~~~~~.~~~.♣≈≈≈♣..~~♣♣
..§†.~~~~..♣≈♣♣♣♣..♣
~♣♣♣.~~~.. §~.♣ ♣♣*
~~.♣♣~ , , ~.~♣ ~~♣♣♣ *
...♣ * * ♣..♣♣ ♣♣


You could see 2 bunyips.

Vanquished Creatures
  2 thorn hunters (Swamp:2)
  Gastronok (Lair:1)
  Nessos (Lair:4)
  2 eleionomae
  A bunyip (Swamp:2)
  3 shambling mangroves
  Fannar (Lair:1)
  A ghost crab (Lair:3)
  11 hydras
  A boulder beetle (D:10)
  8 alligators
  6 death yaks (D:9)
  2 skysharks (Lair:3)
  2 goliath frogs
  A spriggan druid (Swamp:1)
  A spectral hydra (Lair:3)
  4 swamp dragons
  Pikel (D:9)
  3 bog bodies
  A lindwurm (Lair:5)
  A will-o-the-wisp (Swamp:2)
  4 elephants (Lair:4)
  Joseph (D:7)
  2 black mambas
  An orange demon (Swamp:4)
  An eye of devastation (Lair:4)
  Maggie (D:6)
  10 cane toads
  7 komodo dragons
  2 rime drakes (Lair:3)
  An unseen horror (D:10)
  3 kobold demonologists
  A bloated husk (Swamp:1)
  A polar bear (Lair:4)
  4 hornets (Swamp:1)
  19 blink frogs
  12 tyrant leeches
  2 spectral dream sheep (Lair:3)
  2 spectral black mambas (Lair:3)
  A spriggan (Swamp:1)
  A shadow (Swamp:4)
  35 yaks
  3 basilisks
  A redback (Lair:2)
  A steam dragon (D:10)
  7 vampire mosquitoes
  11 swamp worms
  3 hell hounds (Lair:5)
  11 water moccasins
  A floating eye (Lair:4)
  3 swamp drakes
  4 orc warriors
  2 sky beasts
  4 black bears
  An ogre (D:4)
  9 centaurs
  9 wolves
  3 lemures (D:9)
  2 phantoms (D:5)
  2 kobold brigands
  11 bullfrogs
  A gnoll sergeant (D:10)
  5 scorpions
  4 wights (D:6)
  6 killer bees
  A howler monkey (D:5)
  2 hounds
  4 orc priests
  Crazy Yiuf (D:7)
  A jelly (D:5)
  A gnoll bouda (D:6)
  Ijyb (D:5)
  3 iguanas
  4 orc wizards
  2 hell rats (Lair:3)
  5 gnolls
  9 adders
  7 river rats (Lair:3)
  2 shadow imps
  2 dart slugs
  21 orcs
  7 ball pythons
  5 endoplasms
  4 giant cockroaches
  7 hobgoblins
  3 jackals (D:3)
  12 kobolds
  3 quokkas
  6 bats
  3 frilled lizards
  2 goblins (D:1)
  5 rats
392 creatures vanquished.

Vanquished Creatures (others)
  2 foxfires (Swamp:2)
  61 fungi
  75 plants
  5 toadstools (D:1)
143 creatures vanquished.

Grand Total: 535 creatures vanquished

Notes
Turn   | Place    | Note
-------+----------+-------------------------------------------
     0 | D:1      | Valamore the Meteoran Earth Elementalist began the quest
                  | for the Orb.
     0 | D:1      | Reached XP level 1. HP: 14/14 MP: 5/5
    56 | D:1      | Reached XP level 2. HP: 20/20 MP: 0/6
    64 | D:1      | Reached skill level 3 in Spellcasting
   228 | D:2      | Reached XP level 3. HP: 26/26 MP: 6/8
   350 | D:2      | Reached XP level 4. HP: 33/33 MP: 8/10
   361 | D:2      | Reached skill level 4 in Spellcasting
   486 | D:1      | Reached XP level 5. HP: 38/38 MP: 10/12
   585 | D:2      | Found a glowing silver altar of Zin.
   611 | D:3      | Learned a level 3 spell: Stone Arrow
   655 | D:3      | Found a snail-covered altar of Cheibriados.
   739 | D:4      | Reached skill level 5 in Spellcasting
   777 | D:3      | Reached skill level 1 in Conjurations
   780 | D:3      | Reached skill level 5 in Earth Magic
   780 | D:3      | Reached XP level 6. HP: 39/45 MP: 8/14
   908 | D:5      | Entered Level 5 of the Dungeon
   922 | D:5      | Reached skill level 6 in Spellcasting
   922 | D:5      | Reached XP level 7. HP: 50/50 MP: 10/17
  1258 | D:4      | Reached XP level 8. HP: 57/57 MP: 14/18
  1362 | D:5      | Reached skill level 5 in Conjurations
  1496 | D:5      | Found a glowing golden altar of the Shining One.
  1632 | D:6      | Noticed Maggie
  1637 | D:6      | Killed Maggie
  1638 | D:6      | Gained mutation: You passively map the area around you.
                  | [Meteoran growth]
  1638 | D:6      | Reached XP level 9. HP: 60/68 MP: 20/20
  1691 | D:6      | Reached skill level 7 in Spellcasting
  1805 | D:6      | Found a broken altar of Ashenzari.
  1810 | D:6      | Reached skill level 5 in Dodging
  1835 | D:5      | Found Hoavav's Magic Scroll Emporium.
  1839 | D:5      | Bought a scroll of teleportation for 39 gold pieces
  1839 | D:5      | Bought a scroll of identify for 26 gold pieces
  1839 | D:5      | Bought a scroll of identify for 26 gold pieces
  1839 | D:5      | Bought a scroll of enchant armour for 97 gold pieces
  1848 | D:5      | Noticed Ijyb
  1854 | D:5      | Killed Ijyb
  1905 | D:5      | Found a staircase to the Ecumenical Temple.
  1914 | Temple   | Entered the Ecumenical Temple
  1944 | Temple   | Became a worshipper of Vehumet
  2022 | D:6      | You fall into a shaft and drop 3 floors!
  2070 | D:9      | Reached skill level 8 in Spellcasting
  2200 | D:7      | Found an ornate altar of the Wu Jian Council.
  2204 | D:7      | Found an opulent altar of Gozag.
  2328 | D:6      | Reached skill level 5 in Fighting
  2488 | D:7      | Found a runed translucent door.
  2489 | D:7      | Noticed Crazy Yiuf
  2493 | D:7      | Killed Crazy Yiuf
  2547 | D:7      | Reached skill level 9 in Spellcasting
  2622 | D:7      | Found an iron altar of Okawaru.
  2624 | D:7      | Found a sparkling altar of Nemelex Xobeh.
  2624 | D:7      | Noticed Joseph
  2628 | D:7      | Killed Joseph
  2629 | D:7      | Reached skill level 10 in Spellcasting
  2629 | D:7      | Reached XP level 10. HP: 78/81 MP: 21/25
  2636 | D:7      | Reached skill level 1 in Armour
  2677 | D:7      | Found a shimmering blue altar of Sif Muna.
  2734 | D:8      | Reached * piety under Vehumet
  2734 | D:8      | Offered knowledge of Freeze by Vehumet.
  2993 | D:9      | Reached skill level 5 in Armour
  3045 | D:10     | Entered Level 10 of the Dungeon
  3297 | D:9      | Noticed a kobold demonologist
  3297 | D:9      | Noticed a kobold demonologist
  3298 | D:9      | Noticed a komodo dragon
  3311 | D:9      | Noticed a sun demon
  3313 | D:9      | Killed a kobold demonologist
  3314 | D:9      | Reached XP level 11. HP: 70/94 MP: 20/26
  3321 | D:9      | Noticed a sixfirhy
  3390 | D:10     | Noticed a boulder beetle
  3398 | D:10     | Killed a boulder beetle
  3725 | D:9      | Offered knowledge of Scorch by Vehumet.
  3745 | D:9      | Reached ** piety under Vehumet
  3746 | D:9      | Reached skill level 10 in Fighting
  3754 | D:9      | Noticed Pikel
  3758 | D:9      | Killed Pikel
  3775 | D:9      | Found a staircase to the Lair.
  3793 | D:9      | Reached skill level 10 in Armour
  3867 | Lair:1   | Entered Level 1 of the Lair of Beasts
  3868 | Lair:1   | Noticed Fannar
  3877 | Lair:1   | Killed Fannar
  3878 | Lair:1   | Reached XP level 12. HP: 102/108 MP: 24/27
  3942 | Lair:1   | Reached skill level 1 in Shields
  3942 | Lair:1   | Noticed a death yak
  3942 | Lair:1   | Noticed a death yak
  3943 | Lair:1   | Noticed a death yak
  3943 | Lair:1   | Noticed a death yak
  3972 | D:9      | Killed a death yak
  4000 | D:9      | Killed a death yak
  4002 | D:9      | Killed a death yak
  4050 | Lair:1   | Noticed a death yak
  4059 | Lair:1   | Noticed a death yak
  4088 | D:9      | Killed a death yak
  4090 | D:9      | Killed a death yak
  4091 | D:9      | Reached skill level 11 in Spellcasting
  4161 | D:9      | Killed a death yak
  4162 | D:9      | Reached skill level 5 in Shields
  4169 | D:9      | Offered knowledge of Dazzling Flash by Vehumet.
  4359 | Lair:2   | Reached XP level 13. HP: 116/116 MP: 25/29
  4368 | Lair:2   | Reached *** piety under Vehumet
  4372 | Lair:2   | Reached skill level 12 in Spellcasting
  4410 | Lair:2   | Found a hole to the Spider Nest.
  4437 | Lair:2   | Noticed an eight-headed hydra
  4442 | Lair:2   | Killed an eight-headed hydra
  4455 | Lair:2   | Noticed a five-headed hydra
  4461 | Lair:2   | Killed a five-headed hydra
  4516 | Lair:2   | Offered knowledge of Mephitic Cloud by Vehumet.
  4546 | Lair:2   | Learned a level 3 spell: Mephitic Cloud
  4568 | Lair:3   | Reached skill level 10 in Dodging
  4568 | Lair:3   | Reached skill level 13 in Spellcasting
  4579 | Lair:3   | Noticed a five-headed hydra
  4753 | Lair:2   | Reached skill level 14 in Spellcasting
  4793 | Lair:3   | Noticed a four-headed hydra
  4806 | Lair:3   | Killed a four-headed hydra
  4922 | Lair:4   | Noticed a six-headed hydra
  4928 | Lair:4   | Killed a six-headed hydra
  4937 | Lair:4   | Reached skill level 15 in Spellcasting
  4985 | Lair:3   | Reached **** piety under Vehumet
  5039 | Lair:5   | Entered Level 5 of the Lair of Beasts
  5050 | Lair:5   | Identified 2 scrolls of acquirement
  5051 | Lair:5   | Acquired Kuurise's Almanac of the Winter and Fulmination
  5058 | Lair:5   | Learned a level 4 spell: Iskenderun's Mystic Blast
  5073 | Lair:4   | Noticed Nessos
  5080 | Lair:4   | Killed Nessos
  5105 | Lair:5   | Offered knowledge of Lightning Bolt by Vehumet.
  5106 | Lair:5   | Reached XP level 14. HP: 79/124 MP: 34/34
  5170 | Lair:5   | Acquired the ring "Xasm" {rF+ Int+3 Dex+5}
  5171 | Lair:5   | Acquired 477 gold pieces
  5273 | Lair:5   | Reached skill level 1 in Air Magic
  5284 | Lair:4   | Found a viscous altar of Jiyva.
  5284 | Lair:4   | Found a staircase to the Slime Pits.
  5285 | Lair:4   | Paralysed by a floating eye for 2 turns
  5291 | Lair:4   | Reached skill level 1 in Ice Magic
  5978 | Lair:3   | Found the amulet of the Four Winds {rN+ Will+++ Clar}
  6154 | Lair:1   | Learned a level 5 spell: Freezing Cloud
  6163 | Lair:1   | Noticed Gastronok
  6236 | Lair:1   | Killed Gastronok
  6361 | Lair:3   | Reached skill level 16 in Spellcasting
  6370 | Lair:3   | Found a staircase to the Swamp.
  6384 | Swamp:1  | Entered Level 1 of the Swamp
  6412 | Swamp:1  | Learned a level 5 spell: Lightning Bolt
  6422 | Swamp:1  | Reached ***** piety under Vehumet
  6423 | Swamp:1  | Reached skill level 5 in Air Magic
  6434 | Swamp:1  | Offered knowledge of Irradiate by Vehumet.
  6441 | Swamp:1  | Learned a level 5 spell: Irradiate
  6488 | Swamp:1  | Reached XP level 15. HP: 124/129 MP: 32/36
  6501 | Swamp:1  | Reached skill level 5 in Ice Magic
  6554 | Swamp:1  | You fall into a shaft and drop 1 floor!
  6583 | Swamp:1  | Reached skill level 10 in Conjurations
  6583 | Swamp:1  | Reached skill level 10 in Earth Magic
  6598 | Swamp:1  | Found a runed translucent door.
  6601 | Swamp:1  | Noticed snackwell's ghost (adept OgFi)
  6672 | Swamp:2  | Learned a level 5 spell: Borgnjor's Vile Clutch
  6724 | Swamp:2  | Noticed a thorn hunter
  6732 | Swamp:2  | Killed a thorn hunter
  6733 | Swamp:2  | Reached skill level 1 in Necromancy
  6733 | Swamp:2  | Noticed a thorn hunter
  6734 | Swamp:2  | Noticed a thorn hunter
  6783 | Swamp:2  | Identified the +0 robe "Unkuf" {rN+ Str+6 Slay+3}
  6827 | Swamp:2  | Noticed a thorn hunter
  6834 | Swamp:2  | Killed a thorn hunter
  6957 | Swamp:4  | Entered Level 4 of the Swamp
  6977 | Swamp:3  | Reached skill level 5 in Necromancy
  6987 | Swamp:3  | Reached skill level 17 in Spellcasting
  7125 | Swamp:4  | Reached skill level 18 in Spellcasting
  7133 | Swamp:4  | Noticed a tentacled monstrosity
  7146 | Swamp:4  | Reached XP level 16. HP: 27/137 MP: 39/39
  7146 | Swamp:4  | Slain by a bunyip

Illustrated notes

Levels and vault maps discovered:
D:1:      ldierk_walled_garden, layout_loops_corners, serial_forest,
          infiniplex_forest_lined_room_, infiniplex_forest_clump_diagonal,
          infiniplex_forest_clump_medium, infiniplex_forest_clump_double,
          infiniplex_forest_clump_large
D:2:      layout_basic, basic_altar, minmay_pentomino_x2
D:3:      layout_basic, grunt_dithmenos_smoke_and_mirrors, cheibriados_altar_1,
          nicolae_half_adder
D:4:      layout_gridville
D:5:      layout_basic, tso_metal_star, mainiacjoe_overflow_alcove_4,
          minmay_temple_entry_poolview, serial_shops, shop,
          nicolae_figureground_pulse, uniq_grinder, uniq_ijyb
D:6:      layout_basic, nicolae_ru_the_path_less_chosen,
          mainiacjoe_overflow_24_doors, uniq_maggie
D:7:      layout_cave_pools, nicolae_gozag_cash_rules_everything_around_me,
          mainiacjoe_overflow_catch_the_wave,
          gammafunk_temple_overflow_forgotten, serial_bayou,
          serial_bayou_ford_a, serial_bayou_pond_e, serial_bayou_pond_a,
          serial_bayou_pond_d, grunt_decor_junction, uniq_crazy_yiuf_cottage,
          uniq_joseph
D:8:      layout_layer_cave, zin_scriptorium
D:9:      layout_basic, due_lair_maze_entry_diamond, uniq_pikel
D:10:     layout_rooms, serial_glass, glass_columns_c, glass_columns_b,
          glass_columns_b, glass_columns_a, glass_columns_c, glass_columns_b,
          minmay_starry_boxes
D:11:     layout_long_grid, david_orc_5, enter_trove_1, uniq_josephine
Temple:   kb_temple_of_zot
Lair:1:   layout_hall_layers, grunt_megastairs_3, uniq_fannar, uniq_gastronok
Lair:2:   layout_concentric_octagons, spider_nest_entry_webs, minivault_19,
          lemuel_fruit_tree, grunt_megastairs_4
Lair:3:   layout_cave_pods, nicolae_swamp_entry_spooky,
          chequers_serial_rivers_micro_d, kennysheep_rathole
Lair:4:   layout_loops_ring, minmay_slime_entry_eyes, uniq_nessos
Lair:5:   cheibrodos_lair_end_hotspot, layout_regular_city
Swamp:1:  layout_basic_swamp, ebering_ghost_funeral_grove,
          infiniplex_staircase_pool, swamp_pool1
Swamp:2:  nicolae_swamp_phyte_club, layout_basic_swamp,
          evilmike_swamp_ruin_house_5
Swamp:3:  layout_basic_swamp, evilmike_swamp_ruin_rubble_1
Swamp:4:  swamp_vile, layout_basic_swamp, swamp_pool2,
          nicolae_swamp_soggy_hallways

Skill      XL: |  1  2  3  4  5  6  7  8  9 10 11 12 13 14 15 |
---------------+----------------------------------------------+-----
Spellcasting   | 3 4 5 6 10 11 15 16 18 | 18.4
Transmutations | 2 |  2.0
Earth Magic    | 4 5 6 7 9 10 | 10.0
Conjurations   | 1 2 4 7 9 10 | 10.0
Fighting       | 2 5 8 10 11 | 11.0
Dodging        | 3 5 8 10 | 10.0
Armour         | 6 10 | 10.5
Shields        | 5 |  5.0
Air Magic      | 5 7 |  7.0
Ice Magic      | 4 5 |  5.0
Necromancy     | 5 |  5.0
Stealth        | |  1.4

Action                     |  1- 3 |  4- 6 |  7- 9 | 10-12 | 13-15 | 16-18 || total
---------------------------+-------+-------+-------+-------+-------+-------++-------
  Melee: Dagger            |     6 |       |       |       |       |       ||     6
         Unarmed           |     1 |       |       |       |       |       ||     1
         Sling             |       |     2 |       |       |       |       ||     2
         Staff             |       |       |     1 |     1 |    11 |       ||    13
   Fire: Sling             |       |    19 |       |       |       |       ||    19
  Throw: Dart              |       |       |     1 |     8 |       |       ||     9
   Cast: Sandblast         |    25 |    55 |    76 |    99 |   177 |       ||   432
         Stone Arrow       |       |       |    33 |   153 |   327 |       ||   513
         Freezing Cloud    |       |       |       |       |    27 |       ||    27
         Iskenderun's Myst |       |       |       |       |    19 |       ||    19
         Borgnjor's Vile C |       |       |       |       |     8 |       ||     8
         Irradiate         |       |       |       |       |     7 |     1 ||     8
  Evoke: Wand              |       |       |     1 |     3 |     3 |       ||     7
         Condenser vane    |       |       |       |       |     1 |       ||     1
    Use: Scroll            |       |       |    10 |     1 |    17 |       ||    28
         Potion            |       |       |       |       |     4 |       ||     4
 Armour: Robe              |     4 |    10 |    14 |       |       |       ||    28
         Steam dragon scal |       |       |     5 |   127 |   165 |       ||   297
         Leather armour    |       |       |       |       |    17 |       ||    17
  Dodge: Dodged            |    13 |    26 |    27 |   141 |   309 |     1 ||   517
  Block: Buckler           |       |       |       |    39 |   140 |       ||   179

Table legend: (Time is in decaauts)
 A = Elapsed time spent in this place.
 B = Non-inter-level travel time spent in this place.
 C = Inter-level travel time spent in this place.
 D = Time resting spent in this place.
 E = Time spent auto-exploring this place.
 F = Levels seen in this place.
 G = Mean time per level.
                   A        B        C        D        E       F      G
               +--------+--------+--------+--------+--------+-----+--------+
         Total |   7459 |   7049 |    410 |     74 |      0 |  21 |  355.2 |
       Dungeon |   4138 |   3950 |    188 |     70 |      0 |  11 |  376.2 |
        Temple |     58 |     31 |     27 |      0 |      0 |   1 |   58.0 |
          Lair |   2445 |   2267 |    178 |      0 |      0 |   5 |  489.0 |
         Swamp |    816 |    799 |     17 |      4 |      0 |   4 |  204.0 |
               +--------+--------+--------+--------+--------+-----+--------+

Top non-repeatable levels by time:
     D:9: 777 daAuts
  Lair:3: 756 daAuts
  Lair:4: 486 daAuts
  Lair:2: 462 daAuts
     D:6: 458 daAuts
     D:4: 448 daAuts
    D:10: 420 daAuts
     D:5: 400 daAuts
  Lair:1: 393 daAuts
     D:2: 379 daAuts
  Lair:5: 346 daAuts
     D:8: 319 daAuts
     D:7: 314 daAuts
     D:3: 283 daAuts
 Swamp:1: 271 daAuts
